Map: Kairos Junction LE

Players

MethodInvoke - Winner!

  • Race: Protoss Protoss
  • League: Silver
  • Spawn Location: 5:00

ZaZen

  • Race: Terran Terran
  • League: Silver
  • Spawn Location: 11:00

VOD

Have the link to the VOD?

Description

Time

  • Played on: May 18, 2019, 3:27 p.m.
  • Length: 18:28
Show
View Real Time Build Order
Export as new Build Order

MethodInvoke Protoss - Winner!

Build Orders: Cannon Rush 

Get SALT Encoding   

  1  0:00  Probe  
  12  0:05  Probe  
  14  0:15  Probe  
  15  0:25  Pylon  
  15  0:44  Forge  
  15  0:46  Gateway  
  15  0:49  Probe  
  16  1:01  Probe, Pylon  
  17  1:23  Photon Cannon  
  17  1:27  Photon Cannon  
  17  1:40  Photon Cannon  
  17  1:50  Probe  
  17  1:54  Pylon  
  18  1:58  Probe  
  18  1:59  Assimilator  
  18  2:08  Probe  
  20  2:18  Photon Cannon  
  20  2:22  Photon Cannon  
  20  2:26  Probe  
  20  2:27  Assimilator  
  21  2:38  Probe  
  22  2:47  Photon Cannon  
  22  2:51  Probe  
  23  2:53  Photon Cannon  
  23  3:04  Pylon  
  24  3:05  Probe  
  24  3:39  Cybernetics Core  
  24  3:41  Nexus  
  24  3:46  Probe  
  24  4:11  Zealot  
  24  4:31  Stargate  
  24  4:32  Stargate  
  24  4:34  Photon Cannon  
  24  4:35  Probe  
  25  4:47  Probe  
  25  4:49  Probe  
  26  4:58  Probe  
  26  4:59  Probe  
  28  5:03  Void Ray  
  29  5:07  Probe  
  29  5:09  Void Ray  
  29  5:11  Probe  
  31  5:19  Probe  
  40  5:23  Probe  
  41  5:29  Pylon  
  41  5:31  Probe  
  42  5:37  Void Ray  
  42  5:39  Probe  
  43  5:44  Probe  
  48  5:52  Void Ray  
  48  5:56  Probe  
  53  5:57  Probe  
  54  6:05  Photon Cannon  
  54  6:11  Photon Cannon  
  54  6:16  Pylon  
  54  6:19  Pylon  
  54  6:20  Probe  
  55  6:26  Assimilator  
  55  6:29  Probe, Void Ray  
  55  6:32  Probe  
  57  6:41  Probe  
  62  6:47  Probe  
  62  6:48  Assimilator  
  62  6:53  Probe  
  64  6:54  Photon Cannon  
  64  6:59  Photon Cannon, Probe  
  65  7:04  Protoss Air Weapons Level 1  
  65  7:06  Void Ray  
  69  7:12  Probe  
  69  7:13  Pylon  
  70  7:24  Probe  
  70  7:25  Void Ray  
  75  7:34  Pylon  
  75  7:40  Robotics Facility  
  75  7:45  Pylon  
  75  8:09  Void Ray  
  75  8:11  Void Ray  
  83  8:14  Photon Cannon  
  83  8:29  Photon Cannon  
  83  8:32  Photon Cannon  
  83  8:33  Shield Battery  
  83  8:35  Photon Cannon  
  83  8:44  Pylon  
  83  8:45  Protoss Air Armor Level 1  
  84  8:48  Observer  
  84  8:53  Nexus  
  84  9:01  Void Ray  
  88  9:03  Void Ray  
  92  9:15  Pylon  
  92  9:19  Observer  
  93  9:32  Photon Cannon  
  93  9:39  Fleet Beacon  
  93  9:43  Pylon  
  93  9:45  Void Ray  
  97  9:55  Void Ray  
  101  10:06  Probe  
  102  10:09  Assimilator  
  102  10:18  Probe  
  103  10:25  Protoss Air Weapons Level 2  
  103  10:30  Probe, Void Ray  
  108  10:40  Void Ray  
  112  10:52  Assimilator, Probe  
  113  11:02  Pylon  
  113  11:04  Probe  
  113  11:07  Pylon  
  114  11:14  Void Ray  
  114  11:15  Stargate  
  114  11:16  Probe  
  114  11:18  Stargate  
  119  11:25  Void Ray  
  123  11:34  Stargate  
  123  11:39  Pylon  
  124  11:40  Observer  
  124  11:57  Pylon  
  124  11:58  Void Ray  
  124  12:00  Void Ray  
  132  12:02  Void Ray  
  136  12:12  Protoss Air Armor Level 2  
  136  12:14  Void Ray  
  140  12:19  Void Ray  
  144  12:26  Pylon  
  144  12:43  Void Ray  
  148  12:44  Void Ray  
  148  12:47  Void Ray  
  156  13:01  Pylon, Void Ray  
  156  13:03  Void Ray  
  164  13:11  Pylon  
  164  13:27  Void Ray  
  164  13:29  Void Ray  
  164  13:32  Void Ray  
  176  13:45  Void Ray  
  180  13:49  Void Ray  
  184  14:03  Pylon  
  184  14:11  Void Ray  
  150  14:27  Protoss Air Weapons Level 3  
  135  15:02  Probe  
  132  15:14  Probe  
  132  15:21  Void Ray x2  
  137  15:25  Void Ray x2  
  137  15:26  Probe, Void Ray  
  154  15:38  Probe  
  155  15:50  Probe  
  156  16:06  Void Ray  
  156  16:07  Void Ray  
  156  16:10  Void Ray  
  168  16:11  Void Ray  
  168  16:12  Void Ray  
  176  16:33  Nexus  
  176  16:53  Void Ray x2  
  184  17:00  Void Ray  
  188  17:28  Void Ray  
  184  17:49  Assimilator  
  184  17:53  Probe  
  185  17:59  Assimilator  
  185  18:05  Probe  
Show
View Real Time Build Order
Export as new Build Order

ZaZen Terran 

Build Orders: Mech 

Get SALT Encoding   

  12  0:01  SCV  
  13  0:14  SCV  
  14  0:17  Supply Depot  
  14  0:27  Refinery  
  14  0:28  SCV  
  15  0:41  Barracks  
  15  0:45  SCV  
  16  1:03  SCV  
  17  1:15  SCV  
  18  1:31  Marine  
  19  1:41  Bunker  
  19  1:48  Bunker  
  19  1:51  Factory  
  19  1:53  Marine  
  20  1:58  Orbital Command  
  20  2:10  Marine  
  20  2:11  Supply Depot  
  21  2:23  SCV  
  22  2:30  Command Center  
  22  2:38  Refinery  
  22  2:47  Factory Tech Lab  
  22  2:55  SCV  
  23  3:02  Reaper  
  24  3:09  Cyclone  
  27  3:15  SCV  
  28  3:31  Factory  
  28  3:44  Siege Tank  
  31  3:48  Orbital Command  
  31  4:20  SCV  
  31  4:23  Siege Tank  
  35  4:32  SCV  
  36  4:47  SCV  
  37  4:59  SCV, Factory Tech Lab  
  38  5:01  Mag-Field Accelerator  
  38  5:02  Orbital Command  
  38  5:25  Cyclone  
  38  5:26  Cyclone  
  44  5:28  Factory  
  44  5:32  SCV  
  45  5:36  Refinery x2  
  45  5:44  SCV  
  46  5:57  Supply Depot  
  46  6:01  SCV x2, Cyclone  
  51  6:13  SCV x2  
  51  6:14  Supply Depot  
  53  6:21  Cyclone  
  53  6:24  Factory Reactor  
  53  6:25  SCV x2  
  58  6:26  Starport  
  58  6:35  Supply Depot  
  58  6:37  SCV  
  58  6:38  Supply Depot  
  58  6:39  Infernal Pre-Igniter  
  59  6:41  Cyclone  
  62  6:56  SCV x2  
  63  7:07  Cyclone  
  63  7:08  SCV x2  
  68  7:09  Hellion x2  
  68  7:11  Starport Reactor  
  72  7:20  SCV x2  
  74  7:32  SCV, Cyclone  
  74  7:34  Hellion x2  
  51  8:16  SCV x2  
  53  8:21  Hellion x2  
  53  8:22  Cyclone  
  53  8:23  Cyclone  
  53  8:25  Viking  
  65  8:31  SCV x2  
  67  8:35  Command Center  
  67  8:43  SCV  
  67  8:47  Supply Depot  
  68  8:52  Hellion x2  
  68  8:54  Cyclone  
  78  8:55  Cyclone  
  78  9:03  SCV x2  
  78  9:07  Viking x2  
  84  9:11  Supply Depot  
  84  9:13  Supply Depot  
  86  9:17  Hellion x2  
  86  9:22  Armory  
  88  9:25  Armory  
  88  9:26  SCV x2  
  88  9:31  Cyclone  
  93  9:33  Cyclone  
  96  9:38  SCV  
  96  9:39  SCV  
  96  9:41  Supply Depot  
  96  9:44  Hellion x2, Supply Depot  
  96  9:45  Viking x2  
  106  9:51  SCV  
  107  9:52  Orbital Command  
  107  9:55  SCV  
  108  10:03  SCV, Cyclone  
  112  10:09  Hellion x2, Cyclone  
  119  10:20  SCV x2  
  119  10:21  SCV  
  122  10:26  Viking  
  122  10:27  Viking  
  126  10:29  Terran Vehicle Weapons Level 1  
  126  10:30  Terran Vehicle And Ship Armor Level 1  
  126  10:33  SCV x3  
  126  10:35  Cyclone  
  132  10:45  Starport  
  132  10:50  SCV x3, Supply Depot x2  
  132  10:52  Cyclone  
  132  10:53  Hellion  
  140  11:02  SCV  
  141  11:11  Viking  
  141  11:12  SCV x2, Hellion, Cyclone  
  141  11:14  Supply Depot  
  141  11:17  Viking  
  154  11:18  Hellion, Supply Depot  
  154  11:24  Cyclone  
  157  11:44  Cyclone, Factory  
  157  11:46  Factory  
  157  11:47  Command Center, Factory  
  160  11:48  Refinery  
  160  11:49  Refinery  
  160  11:53  Hellion x2  
  164  11:56  Viking, Starport Reactor  
  164  11:57  Viking  
  168  12:16  SCV  
  168  12:17  SCV x2  
  168  12:20  Hellion  
  173  12:24  Supply Depot  
  173  12:25  Supply Depot  
  173  12:29  Thor  
  181  12:30  SCV, Hellion, Cyclone  
  181  12:31  Viking x2  
  189  12:46  Viking, SCV x3  
  194  12:58  Terran Vehicle Weapons Level 2, SCV x3  
  197  13:01  Terran Ship Weapons Level 1  
  197  13:02  Cyclone  
  200  13:08  Orbital Command  
  200  13:23  Refinery  
  200  13:24  Refinery  
  200  13:42  Factory Tech Lab  
  200  13:43  Factory Tech Lab x2  
  200  13:55  Factory  
  200  13:57  Factory  
  200  13:59  Factory  
  105  14:33  Thor x5  
  121  15:09  Medivac x2  
  121  15:10  Medivac x2  
  129  15:16  Thor  
  129  15:17  Factory Tech Lab  
  135  15:23  Factory Tech Lab x3  
  135  15:27  SCV x2  
  137  15:36  Cyclone x4  
  137  15:39  Viking  
  151  15:46  Viking x2  
  155  15:57  Thor  
  155  15:59  Cyclone  
  164  16:08  Cyclone  
  159  16:29  Cyclone  
  162  16:59  Thor  
  162  17:00  Thor x2  
  180  17:02  Command Center  
  180  17:04  Command Center  
  180  17:09  Command Center  
  180  17:10  Command Center  
  180  17:22  Viking x2  
  101  17:54  Cyclone x2  
  101  17:55  Cyclone x3  
Tags
 
Composition
Mech
Matchup
PvT
Spawn Locations
Cross Positions
Add a new tag
Caveats
  • Supply blocks, unpowered buildings, or Contaminate may cause inaccurate times.
  • Supply counts are checked every 10 seconds.